 Dungeon Crawl Stone Soup version 0.32-a0-656-g3542139ebd (webtiles) character file.

Game seed: 12477379739038290496

2225 BubbleThief the Skirmisher (level 9, -2/64 HPs)
             Began as a Coglin Hunter on Mar 8, 2024.
             Slain by an unseen horror (5 damage)
             ... on level 7 of the Dungeon on Mar 9, 2024.
             The game lasted 00:08:08 (5694 turns).

BubbleThief the Skirmisher (Coglin Hunter)          Turns: 5694, Time: 00:08:08

Health: -2/64      AC:  6    Str: 12    XL:     9   Next: 35%
Magic:  9/9        EV: 12    Int:  8    God:
Gold:   275        SH:  0    Dex: 22    Spells: 8/8 levels left

rFire   . . .        a - +2 sling {Rabi}
rCold   . . .        d - +0 sling {Nittaya}
rNeg    . . .        c - +0 steam dragon scales
rPois   .            j - +0 helmet
rElec   .            (no cloak)
rCorr   .            (no gloves)
SInv    .            (no boots)
Will    .....        (amulet unavailable)
Stlth   ++           (ring unavailable)
HPRegen 0.30/turn    (ring unavailable)
MPRegen 0.11/turn    (no gizmo)

%: no passive effects
@: no status effects
A: off-hand wielding, slow wielding, warmup strikes, no jewellery
a: Invent Gizmo


You were on level 7 of the Dungeon.
You visited 1 branch of the dungeon, and saw 7 of its levels.

You collected 275 gold pieces.

Inventory:

Hand Weapons
 a - a +2 sling (weapon) {Rabi}
 d - a +0 sling (offhand) {Nittaya}
Missiles
 s - a throwing net
Armour
 c - +0 steam dragon scales (worn)
 j - a +0 helmet (worn)
 y - a +2 robe of positive energy
 z - a +0 pair of boots
Wands
 r - a wand of flame (26)
 x - a wand of digging (4)
Scrolls
 b - 2 scrolls of butterflies
 e - 3 scrolls of identify {unknown}
 f - 2 scrolls of teleportation {unknown}
 g - 3 scrolls of vulnerability {unknown}
 h - 2 scrolls of blinking {unknown}
 k - a scroll of fear {unknown}
 l - a scroll of brand weapon {unknown}
 m - a scroll of revelation {unknown}
 p - a scroll of fog {unknown}
 t - a scroll of torment {unknown}
 v - a scroll of silence {unknown}
 w - a scroll of poison {unknown}
Potions
 i - 2 potions of mutation {unknown}
 n - 3 potions of might {unknown}
 o - 3 potions of curing
 q - 2 potions of degeneration {unknown}
 u - a potion of brilliance {unknown}
 A - a potion of lignification {unknown}


   Skills:
 + Level 3.4 Fighting
 * Level 11.4 Ranged Weapons
 - Level 1.7 Dodging
 - Level 0.7 Stealth


You had 8 spell levels left.
You didn't know any spells.
Your spell library contained the following spells:

 Spells                   Type           Power      Damage    Failure   Level
 Blink                    Tloc           0%         N/A       54%         2
 Cigotuvi's Dreadful Rot  Necr/Alch/Air  0%         N/A       54%         2
 Lesser Beckoning         Tloc           0%         N/A       54%         2
 Gell's Gravitas          Tloc           0%         N/A       78%         3
 Ozocubu's Armour         Ice            0%         N/A       78%         3
 Teleport Other           Tloc           0%         N/A       78%         3
 Animate Dead             Necr           0%         N/A       99%         4
 Metabolic Englaciation   Hex/Ice        0%         N/A       100%        5
 Sculpt Simulacrum        Ice/Alch       0%         N/A       100%        6


Dungeon Overview and Level Annotations

Branches:
Dungeon (7/15)
 Temple: D:4-7

Altars:

Shops:
D:2 (

Annotations:
D:3 2 runed translucent doors, ytrimaz's ghost, amateur DgNe


Innate Abilities, Weirdness & Mutations

You can wield a second weapon in your off-hand.
It takes a long time for you to wield or remove held weapons.
Your first few attacks do less damage.
You cannot equip rings or amulets.


Message History

Fire: a) +2 sling {Rabi}
Press: ? - help, Shift-Dir - straight line You shoot a sling bullet. x2; Something hits you!
Unknown command.
Unknown command.
Okay, then.
Okay, then.
It was a potion of curing.
You feel better. Something hits you.
Fire: a) +2 sling {Rabi}
Press: ? - help, Shift-Dir - straight line You shoot a sling bullet. x2; Something hits you!
* * * LOW HITPOINT WARNING * * *
Something hits you.
* * * LOW HITPOINT WARNING * * *
Unknown command.
Unknown command.
Fire: a) +2 sling {Rabi}
Press: ? - help, Shift-Dir - straight line You shoot a sling bullet. x2; Something hits you.
* * * LOW HITPOINT WARNING * * *
Unknown command.
Unknown command.
Fire: a) +2 sling {Rabi}
Press: ? - help, Shift-Dir - straight line You shoot a sling bullet. x2; Something hits you.
* * * LOW HITPOINT WARNING * * *
Unknown command.
Unknown command.
Fire: a) +2 sling {Rabi}
Press: ? - help, Shift-Dir - straight line You shoot a sling bullet. x2; Something hits you.
* * * LOW HITPOINT WARNING * * *
Something hits you.
* * * LOW HITPOINT WARNING * * *
Unknown command.
Unknown command.
Fire: a) +2 sling {Rabi}
Press: ? - help, Shift-Dir - straight line You shoot a sling bullet. x2; Something hits you.
You die...

#### ..# ## #.# ### #####
#...##.#####.###########....
#........@..#........).###
#...##.#####.##.##..........
... ...# #.#...#..##..†### #
..#### #........##...... #.#
#........##...### #
####.........>...
#.##.....#..##
#.########.... ##+## #..##


There were no monsters in sight!

Vanquished Creatures
  Grinder (D:4)
  2 steam dragons (D:6)
  An orc warrior (D:5)
  A sky beast (D:5)
  A black bear (D:5)
  An ogre (D:4)
  3 centaurs
  A phantom (D:5)
  3 scorpions
  2 gnoll sergeants (D:6)
  3 howler monkeys (D:7)
  A bombardier beetle (D:5)
  3 hounds (D:6)
  2 gnoll boudas (D:6)
  A sleepcap (D:4)
  2 iguanas
  3 orc wizards (D:5)
  15 gnolls
  4 adders
  2 shadow imps (D:5)
  3 white imps
  4 ufetubi
  4 dart slugs
  A ribbon worm (D:4)
  9 orcs
  12 ball pythons
  10 endoplasms
  4 giant cockroaches
  5 goblins
  6 hobgoblins
  8 jackals
  9 kobolds
  3 quokkas
  8 bats
  2 frilled lizards
  8 rats
148 creatures vanquished.

Notes
Turn   | Place    | Note
-------+----------+-------------------------------------------
     0 | D:1      | BubbleThief the Coglin Hunter began the quest for the Orb.
     0 | D:1      | Reached XP level 1. HP: 16/16 MP: 1/1
   112 | D:1      | Reached skill level 4 in Ranged Weapons
   112 | D:1      | Reached XP level 2. HP: 22/22 MP: 2/2
   371 | D:1      | Reached XP level 3. HP: 27/27 MP: 3/3
   891 | D:2      | Found Zeczod's Weapon Emporium.
  1485 | D:3      | Got Sif Muna's Cyclopedia of Ghoulish Points
  1524 | D:3      | Reached skill level 5 in Ranged Weapons
  1524 | D:3      | Reached XP level 4. HP: 31/33 MP: 4/4
  2044 | D:3      | Found a large runed translucent door.
  2047 | D:3      | Found a large runed translucent door.
  2050 | D:3      | Noticed ytrimaz's ghost (amateur DgNe)
  2379 | D:4      | Noticed an ogre
  2386 | D:4      | Killed an ogre
  2387 | D:4      | Reached skill level 6 in Ranged Weapons
  2387 | D:4      | Reached XP level 5. HP: 7/38 MP: 5/5
  2551 | D:4      | Noticed Grinder
  2562 | D:4      | Paralysed by Grinder for 2 turns
  2567 | D:4      | Killed Grinder
  2568 | D:4      | Reached skill level 7 in Ranged Weapons
  2568 | D:4      | Reached XP level 6. HP: 33/44 MP: 6/6
  2834 | D:4      | Reached XP level 7. HP: 50/50 MP: 7/7
  3034 | D:5      | Entered Level 5 of the Dungeon
  3212 | D:5      | HP: 1/50 [orc warrior/+0 trident (13)]
  3214 | D:5      | Reached skill level 8 in Ranged Weapons
  3735 | D:5      | Reached skill level 9 in Ranged Weapons
  3735 | D:5      | Reached XP level 8. HP: 37/56 MP: 8/8
  4709 | D:6      | Reached skill level 10 in Ranged Weapons
  5131 | D:6      | Reached XP level 9. HP: 51/63 MP: 9/9
  5290 | D:6      | Reached skill level 11 in Ranged Weapons
  5693 | D:7      | HP: 3/64 [something (1)]
  5694 | D:7      | Slain by an unseen horror

Illustrated notes

Levels and vault maps discovered:
D:1:      orjb1_lava_funnel, layout_basic
D:2:      layout_loops_ring, serial_shops, shop, minivault_27
D:3:      layout_loops_ring, ebering_ghost_disaster_area, serial_bayou_lagoon_a,
          minmay_stone_trees_medium, minmay_bisected
D:4:      layout_cave_pools, uniq_grinder
D:5:      layout_basic
D:6:      cheibrodos_steamvent, layout_cave_pools,
          mainiacjoe_overflow_small_starburst, serial_gnoll_camp,
          gnoll_camp_huts_basic, gnoll_camp_mini_house, gnoll_camp_mini_house,
          gnoll_camp_mini_hut
D:7:      layout_loops_corners, minmay_temple_entry_ruins, uniq_maggie

Skill      XL: |  1  2  3  4  5  6  7  8  9 |
---------------+----------------------------+-----
Ranged Weapons | 4 5 6 7 9 10 11 | 11.4
Fighting       | 3 |  3.4
Dodging        | |  1.7
Stealth        | |  0.7

Action                     |  1- 3 |  4- 6 |  7- 9 || total
---------------------------+-------+-------+-------++-------
   Fire: Sling             |   164 |   164 |   654 ||   982
    Use: Potion            |       |       |     1 ||     1
 Armour: Leather armour    |     6 |     2 |    39 ||    47
         Steam dragon scal |       |       |    80 ||    80
         Robe              |       |       |    29 ||    29
  Dodge: Dodged            |     9 |     5 |    96 ||   110

Table legend: (Time is in decaauts)
 A = Elapsed time spent in this place.
 B = Non-inter-level travel time spent in this place.
 C = Inter-level travel time spent in this place.
 D = Time resting spent in this place.
 E = Time spent auto-exploring this place.
 F = Levels seen in this place.
 G = Mean time per level.
                   A        B        C        D        E       F      G
               +--------+--------+--------+--------+--------+-----+--------+
         Total |   5703 |   5440 |    263 |    394 |   4139 |   7 |  814.7 |
       Dungeon |   5703 |   5440 |    263 |    394 |   4139 |   7 |  814.7 |
               +--------+--------+--------+--------+--------+-----+--------+

Top non-repeatable levels by time:
     D:5: 1588 daAuts
     D:3: 901 daAuts
     D:6: 889 daAuts
     D:2: 737 daAuts
     D:1: 729 daAuts
     D:4: 698 daAuts
     D:7: 157 daAuts
